 Dungeon Crawl Stone Soup version 0.27-a0-906-g0a00ce863d (webtiles) character file.

Game seed: 12441872082113574704

80 pepper333 the Skirmisher (level 4, -10/40 HPs)
             Began as a Draconian Berserker on Apr 8, 2021.
             Was a Follower of Trog.
             Succumbed to a gnoll's poison
             ... on level 1 of the Dungeon.
             The game lasted 00:03:41 (1350 turns).

pepper333 the Skirmisher (Draconian Berserker)      Turns: 1350, Time: 00:03:43

Health: -10/40     AC:  5    Str: 21    XL:     4   Next: 18%
Magic:  4/4        EV: 12    Int:  7    God:    Trog [*.....]
Gold:   32         SH:  0    Dex: 10    Spells: 3/3 levels left

rFire    . . .     SeeInvis .   a - +0 short sword
rCold    . . .     Faith    .   (no shield)
rNeg     . . .     Spirit   .   (armour unavailable)
rPois    .         Reflect  .   (helmet restricted)
rElec    .         Harm     .   (no cloak)
rCorr    .         Rampage  .   (no gloves)
Will     .....                  (no boots)
Stlth    +.........             (no amulet)
HPRegen  0.13/turn              (no ring)
MPRegen  0.09/turn              (no ring)

@: lethally poisoned (-10 -> -44)
A: AC +5, unfitting armour, cold-blooded
a: Renounce Religion, Berserk


You were on level 1 of the Dungeon.
You worshipped Trog.
Trog was aware of your devotion.
You visited 1 branch of the dungeon, and saw 2 of its levels.

You collected 32 gold pieces.

Inventory:

Hand Weapons
 a - a +0 short sword (weapon)
Scrolls
 c - a scroll of amnesia {unknown}
Potions
 b - a potion of might {unknown}
 d - a potion of haste {unknown}


   Skills:
 + Level 3.9 Fighting
 + Level 3.8 Short Blades
 + Level 3.5 Dodging
 + Level 0.3 Stealth


You had 3 spell levels left.
You didn't know any spells.
Your spell library was empty.

Dungeon Overview and Level Annotations

Branches:
Dungeon (2/15)

Altars:


Innate Abilities, Weirdness & Mutations

Your plain brown scales are hard. (AC +5)
You cannot fit into any form of body armour.
You are cold-blooded and may be slowed by cold attacks.


Message History

HP restored.
There is a stone staircase leading down, spattered with blood here.
You climb downwards.
The bat barely misses you. The bat hits you but does no damage.
There is a stone staircase leading up here.
You barely miss the bat. The bat barely misses you.
The gnoll barely misses you. The bat hits you but does no damage.
The gnoll hits you but does no damage.
You barely miss the gnoll. The bat completely misses you.
You hit the gnoll.
The gnoll is moderately wounded.
The bat closely misses you. The gnoll hits you but does no damage.
You are poisoned.
The gnoll hits you with a +0 flail!
You hit the gnoll.
The gnoll is almost dead.
You feel sick.
The gnoll hits you from afar with a +0 spear of venom.
You are more poisoned.
The gnoll barely misses you. The bat closely misses you.
You puncture the gnoll!
You kill the gnoll!
Trog accepts your kill.
You feel very sick. The bat hits you but does no damage. The gnoll misses you.
You feel very sick.
The gnoll hits you from afar with a +0 spear of venom!
* * * LOW HITPOINT WARNING * * *
You are more poisoned.
The bat misses you.
There is a stone staircase leading up here.
You see here a +0 flail.
* * * LOW HITPOINT WARNING * * *
You feel very sick. The bat hits you but does no damage.
The gnoll hits you from afar with a +0 spear of venom.
* * * LOW HITPOINT WARNING * * *
You are more poisoned.
You climb upwards.
You die...

###### #....### ###
#......# #.# #..#.#.#
#.#####
##########.....†###.#...###
...............)@b........#
#######.....#.#†#####.#...#
#.#.......# #.#...#
#.......#######.#####
#.###.###.....#...# #.#
#..........##.#
#######.###.##.......##.#
..†.........##..........#
#####....#...........####


You could see a bat.

Vanquished Creatures
  A hound (D:1)
  2 gnolls
  A dart slug (D:1)
  3 endoplasms
  3 giant cockroaches (D:1)
  3 goblins (D:1)
  A hobgoblin (D:1)
  A kobold (D:1)
  5 quokkas (D:1)
  A ball python (D:1)
  2 bats (D:1)
  2 frilled lizards (D:1)
25 creatures vanquished.

Vanquished Creatures (others)
  5 plants (D:2)
5 creatures vanquished.

Grand Total: 30 creatures vanquished

Notes
Turn   | Place    | Note
-------+----------+-------------------------------------------
     0 | D:1      | pepper333 the Draconian Berserker began the quest for the
                  | Orb.
     0 | D:1      | Reached XP level 1. HP: 19/19 MP: 1/1
   378 | D:1      | Reached XP level 2. HP: 26/26 MP: 2/2
   681 | D:1      | Found a faded altar of an unknown god.
   979 | D:1      | Reached XP level 3. HP: 13/33 MP: 3/3
  1172 | D:1      | Reached XP level 4. HP: 23/40 MP: 4/4
  1349 | D:2      | HP: 1/40 [gnoll/+0 spear of venom (4)]
  1350 | D:1      | Succumbed to a gnoll's poison

Illustrated notes

Levels and vault maps discovered:
D:1:      doesnt_arrival_eight_statues, layout_basic, basic_ecumenical_altar
D:2:      kb_forest_paths, layout_loops_ring, serial_bayou, serial_bayou_pond_e,
          serial_bayou_shore_a, serial_bayou_pond_e, serial_bayou_pond_e,
          minmay_tromino_v7

Skill      XL: |  1  2 |
---------------+-------+-----
Dodging        | 3 |  3.5
Fighting       | |  3.9
Short Blades   | |  3.8
Stealth        | |  0.3

Action                   |  1- 3 |  4- 6 || total
-------------------------+-------+-------++-------
Melee: Short sword       |    70 |    17 ||    87
       Tailslap          |     7 |     1 ||     8
Armor: Skin              |    39 |    10 ||    49
Dodge: Dodged            |    78 |    22 ||   100

Table legend: (Time is in decaauts)
 A = Elapsed time spent in this place.
 B = Non-inter-level travel time spent in this place.
 C = Inter-level travel time spent in this place.
 D = Time resting spent in this place.
 E = Time spent auto-exploring this place.
 F = Levels seen in this place.
 G = Mean time per level.
                   A        B        C        D        E       F      G
               +--------+--------+--------+--------+--------+-----+--------+
         Total |   1350 |   1350 |      0 |    313 |    612 |   2 |  675.0 |
       Dungeon |   1350 |   1350 |      0 |    313 |    612 |   2 |  675.0 |
               +--------+--------+--------+--------+--------+-----+--------+

Top non-repeatable levels by time:
     D:1: 1316 daAuts
     D:2: 34 daAuts
